 Dungeon Crawl Stone Soup version 0.29-a0-330-g52719c12eb (webtiles) character file.

Game seed: 3394032544160281831

30 Ajdolov the Skirmisher (level 3, -1/39 HPs)
             Began as an Ogre Warper on May 12, 2022.
             Slain by a kobold
             ... wielding a +0 spear
              (3 damage)
             ... on level 2 of the Dungeon.
             The game lasted 00:01:53 (1160 turns).

Ajdolov the Skirmisher (Ogre Warper)                Turns: 1160, Time: 00:01:54

Health: -1/39      AC:  3    Str: 15    XL:     3   Next: 20%
Magic:  6/6        EV:  9    Int: 16    God:
Gold:   42         SH:  0    Dex:  8    Spells: 6/6 levels left

rFire   . . .      SeeInvis .   a - +0 mace
rCold   . . .      Faith    .   (no shield)
rNeg    . . .      Spirit   .   b - +0 robe
rPois   .          Reflect  .   (helmet restricted)
rElec   .          Harm     .   (no cloak)
rCorr   .          Rampage  .   (gloves unavailable)
Will    .....                   (boots unavailable)
Stlth   +.........              (no amulet)
HPRegen 0.13/turn               (no ring)
MPRegen 0.10/turn               (no ring)

@: lethally poisoned (-1 -> -9)
A: large, unfitting armour, tough skin 1
a: no special abilities


You were on level 2 of the Dungeon.
You visited 1 branch of the dungeon, and saw 2 of its levels.

You collected 42 gold pieces.

Inventory:

Hand Weapons
 a - a +0 mace (weapon)
Missiles
 d - 7 boomerangs of dispersal (quivered)
Armour
 b - a +0 robe (worn)
Scrolls
 c - a scroll of blinking
 e - a scroll of summoning {unknown}
 f - a scroll of immolation {unknown}
 g - a scroll of enchant weapon {unknown}
Potions
 h - a potion of invisibility {unknown}
 i - a potion of attraction {unknown}
 j - a potion of brilliance {unknown}


   Skills:
 * Level 4.2 Fighting
 + Level 2.3 Maces & Flails
 - Level 1.0 Throwing
 - Level 2.1 Dodging
 - Level 2.4 Spellcasting
 - Level 2.6 Translocations


You had 6 spell levels left.
You didn't know any spells.
Your spell library contained the following spells:

 Spells                   Type           Power      Damage    Failure   Level
 Blink                    Tloc           20%        N/A       10%         2
 Gell's Gravitas          Tloc           10%        N/A       21%         3
 Lesser Beckoning         Tloc           10%        N/A       21%         3
 Teleport Other           Tloc           10%        N/A       21%         3
 Manifold Assault         Tloc           10%        N/A       88%         5


Dungeon Overview and Level Annotations

Branches:
Dungeon (2/15)

Altars:

Shops:
D:1 (


Innate Abilities, Weirdness & Mutations

You are too large for most types of armour.
You have tough skin. (AC +1)


Message History

You hit the adder but do no damage. The kobold misses you.
The adder misses you.
You barely miss the adder. The adder bites you but does no damage.
The kobold hits you from afar with a +0 spear.
The adder bites you but does no damage.
The kobold hits you from afar with a +0 spear.
You barely miss the adder. The adder completely misses you.
The kobold hits you but does no damage. The adder bites you.
You sock the adder!
The adder is severely wounded.
The adder bites you but does no damage. The kobold barely misses you.
The adder bites you but does no damage.
You miss the adder.
The adder is severely wounded.
The kobold hits you but does no damage. The adder bites you.
The kobold hits you from afar with a +0 spear.
You hit the adder but do no damage.
The adder is severely wounded.
The adder barely misses you.
The kobold hits you from afar with a +0 spear.
The adder bites you.
You are poisoned.
The adder poisons you!
You barely miss the adder.
The adder is severely wounded.
You feel sick. The adder bites you.
You are more poisoned.
The adder poisons you!
The kobold hits you from afar with a +0 spear.
* * * LOW HITPOINT WARNING * * *
The adder barely misses you.
You hit the adder.
You kill the adder!
* * * LOW HITPOINT WARNING * * *
You feel very sick.
The kobold hits you from afar with a +0 spear.
* * * LOW HITPOINT WARNING * * *
The rat completely misses you.
The kobold hits you from afar with a +0 spear.
You die...

###.......... ####...).......#
##....#.#.#.....#
#########...............#
...........###..........#
.......<..###.(#........#
..........##...#........######
.........†.....#..............
###.#####..##@##............##
#. #..##r##.............. #
#.###.K†..)...........
........................
###.##.#.#..............
..#....#########......
....#.## ####... ..##.. ...
#.# #.# #..


You could see a kobold and a rat.

Vanquished Creatures
  An adder (D:2)
  A dart slug (D:2)
  4 bats (D:1)
  2 endoplasms
  A giant cockroach (D:2)
  2 hobgoblins (D:1)
  2 quokkas (D:1)
  4 ball pythons (D:1)
  3 frilled lizards (D:1)
  3 goblins (D:1)
  4 kobolds
  A rat (D:2)
28 creatures vanquished.

Notes
Turn   | Place    | Note
-------+----------+-------------------------------------------
     0 | D:1      | Ajdolov the Ogre Warper began the quest for the Orb.
     0 | D:1      | Reached XP level 1. HP: 22/22 MP: 3/3
   166 | D:1      | Reached skill level 3 in Fighting
   248 | D:1      | Reached XP level 2. HP: 26/31 MP: 5/5
   248 | D:1      | Found Jilewk's Antique Weapon Emporium.
   939 | D:1      | Reached skill level 4 in Fighting
   994 | D:2      | Reached XP level 3. HP: 32/39 MP: 6/6
  1160 | D:2      | Slain by a kobold

Illustrated notes

Levels and vault maps discovered:
D:1:      minmay_arrival_arboretum_small, layout_rooms, serial_shops,
          nicolae_diamond_shop
D:2:      layout_rooms, ebering_ecumenical_altar_abandoned, basic_altar,
          dreamdust_princess_corridor

Skill      XL: |  1  2 |
---------------+-------+-----
Fighting       | 3 4 |  4.2
Maces & Flails | 2 |  2.3
Throwing       | |  1.0
Dodging        | |  2.1
Spellcasting   | |  2.4
Translocations | |  2.6

Action                   || total
-------------------------++-------
Melee: Mace              ||    81
       Punch             ||     1
Armor: Robe              ||    46
Dodge: Dodged            ||    55

Table legend: (Time is in decaauts)
 A = Elapsed time spent in this place.
 B = Non-inter-level travel time spent in this place.
 C = Inter-level travel time spent in this place.
 D = Time resting spent in this place.
 E = Time spent auto-exploring this place.
 F = Levels seen in this place.
 G = Mean time per level.
                   A        B        C        D        E       F      G
               +--------+--------+--------+--------+--------+-----+--------+
         Total |   1183 |   1156 |     27 |      0 |    935 |   2 |  591.5 |
       Dungeon |   1183 |   1156 |     27 |      0 |    935 |   2 |  591.5 |
               +--------+--------+--------+--------+--------+-----+--------+

Top non-repeatable levels by time:
     D:1: 1004 daAuts
     D:2: 179 daAuts
